[Event "Early-Titled-Tuesday-Blitz-May-07-2024"]
[Site "Chess.com"]
[Date "2024.05.07"]
[Round "10"]
[White "Iskusnyh"]
[Black "Arlo2024"]
[Result "1-0"]
[WhiteElo "2584"]
[BlackElo "2394"]
[TimeControl "180+1"]
[EndTime "10:00:31 PDT"]
[Termination "Iskusnyh won by resignation"]

1. d4 Nf6 2. c4 c5 3. d5 b5 4.
cxb5 a6 5. e3 g6 6. Nc3 Bg7 7.
a4 O-O 8. e4 Bb7 9. Bg5 h6 10.
Bxf6 Bxf6 11. Nf3 e6 12. Bc4 axb5 13. Nxb5 Bxb2 14. Rb1 Qa5+ 15. Nd2 Bc3 16. Nxc3 Qxc3 17. Rxb7 exd5 18. Bxd5 Nc6 19. O-O Nd4 20. Nf3 Nc2 21.
Qc1 c4 22. Qxh6 Qg7 23. Qxg7+ Kxg7 24. Bxc4 1-0

[Event "Early-Titled-Tuesday-Blitz-May-07-2024"]
[Site "Chess.com"]
[Date "2024.05.07"]
[Round "10"]
[White "tantaan"]
[Black "DarZay"]
[Result "1-0"]
[WhiteElo "2488"]
[BlackElo "2339"]
[TimeControl "180+1"]
[EndTime "10:00:35 PDT"]
[Termination "tantaan won by resignation"]

1. e4 c5 2. Nc3 Nc6 3. Bb5 g6 4.
Bxc6 dxc6 5. d3 Bg7 6. f4 e5 7.
Nf3 exf4 8. Bxf4 Nf6 9. O-O O-O 10. h3 h6 11. Qd2 Kh7 12. Rae1 Be6 13. Nd1 Nh5 14.
Be3 Ng3 15. Rf2 f5 16. Bxc5 Rf7 17. exf5 Bxf5 18. Ne3 Bxb2 19. c3 Qxd3 20. Qxb2 Ne4 21.
Ne5 Qxc3 22. Qxc3 Nxc3 23. Nxf7 Ne4 24. Nxf5 Nxf2 25. Kxf2 gxf5 26. Re7 Kg6 27. Rxb7 Re8 28. Rxa7 Re4 29. a4 Rc4 30. Ne5+ 1-0

[Event "Early-Titled-Tuesday-Blitz-May-07-2024"]
[Site "Chess.com"]
[Date "2024.05.07"]
[Round "10"]
[White "InitiatingASC"]
[Black "ChainedDowntohell"]
[Result "0-1"]
[WhiteElo "2423"]
[BlackElo "2597"]
[TimeControl "180+1"]
[EndTime "10:00:36 PDT"]
[Termination "ChainedDowntohell won by resignation"]

1. d4 Nf6 2. c4 e6 3. Nc3 Bb4 4. e3 c5 5. Bd3 b6 6. Ne2 Bb7 7. O-O cxd4 8. exd4 O-O 9. a3 Bxc3 10. Nxc3 Nc6 11. Bg5 h6 12. Be3 d5 13. Rc1 dxc4 14.
Bxc4 Ne7 15. Qd3 Qd7 16. Rfd1 Rfd8 17. Ba2 Nf5 18. Bb1 Rac8 19. Bf4 Qxd4 20. Qxd4 Nxd4 21. Be5 Nb3 22. Rxd8+ Rxd8 23. Rd1 Rxd1+ 24. Nxd1 Ne4 25. f3 Ned2 26. Ne3 Nxb1 0-1

[Event "Early-Titled-Tuesday-Blitz-May-07-2024"]
[Site "Chess.com"]
[Date "2024.05.07"]
[Round "10"]
[White "Aswathchess"]
[Black "scarabee43"]
[Result "0-1"]
[WhiteElo "2656"]
[BlackElo "2821"]
[TimeControl "180+1"]
[EndTime "10:00:45 PDT"]
[Termination "scarabee43 won by resignation"]

1. e4 c5 2. Nf3 e6 3. d4 cxd4 4. Nxd4 Nc6 5. Nc3 Qc7 6. Be3 a6 7. g4 b5 8. Nxc6 Qxc6 9. Qd2 Nf6 10. Rg1 b4 11. Ne2 Nxe4 12. Qd3 d5 13. O-O-O Bc5 14. Nd4 Qb6 15. Bg2 Bb7 16. f3 Nd6 17. Rge1 Nc4 18.
Bg1 O-O 19. b3 Na3 20. f4 Nb5 21. f5 Nc3 22. fxe6 Nxd1 23. Qxd1 fxe6 24. Rxe6 Qc7 25. Kb1 Rae8 26. Rxe8 Rxe8 27. Bf2 Qe5 28. Nf3 Qc3 29. Bxc5 Qxc5 30. Qd3 Qc3 31. Qf5 d4 32. Ne5 Qe1+ 33. Kb2 Qxe5 0-1

[Event "Early-Titled-Tuesday-Blitz-May-07-2024"]
[Site "Chess.com"]
[Date "2024.05.07"]
[Round "10"]
[White "GMBenjaminBok"]
[Black "Kacparov"]
[Result "1-0"]
[WhiteElo "3054"]
[BlackElo "2917"]
[TimeControl "180+1"]
[EndTime "10:00:53 PDT"]
[Termination "GMBenjaminBok won by resignation"]

1. d4 Nf6 2. c4 e6 3. Nc3 Bb4 4. Qc2 d5 5. a3 Bxc3+ 6. Qxc3 O-O 7. Bg5 dxc4 8. Qxc4 Nc6 9. Nf3 Qd5 10. Qxd5 Nxd5 11. e4 Nf6 12. Bxf6 gxf6 13. Bb5 Ne7 14. Rc1 c6 15.
Bd3 b6 16. Ke2 Bb7 17. Rhd1 Rfd8 18. Ke3 Kf8 19. g4 h6 20. h4 Rac8 21. b4 Ra8 22. g5 fxg5 23. hxg5 hxg5 24. Nxg5 Ng6 25. e5 Ne7 26. Nh7+ Kg7 27. Rg1+ Ng6 28. Ng5 Rh8 29.
Nxe6+ fxe6 30. Rxg6+ Kf7 31. Rcg1 Rh3+ 32. f3 Bc8 33.
Rg7+ Ke8 34. Rg8+ 1-0

[Event "Early-Titled-Tuesday-Blitz-May-07-2024"]
[Site "Chess.com"]
[Date "2024.05.07"]
[Round "10"]
[White "ccccvhhhj"]
[Black "Arhan_Anand"]
[Result "1/2-1/2"]
[WhiteElo "2499"]
[BlackElo "2615"]
[TimeControl "180+1"]
[EndTime "10:00:53 PDT"]
[Termination "Game drawn by repetition"]

1. e4 c5 2. Nf3 g6 3. d4 cxd4 4.
Nxd4 Bg7 5. Nc3 Nc6 6. Be3 d6 7. f3 Nf6 8. Qd2 O-O 9. g4 Be6 10. Nxe6 fxe6 11. Bc4 Qd7 12. O-O-O Rac8 13. h4 Ne5 14. Be2 Nc4 15. Bxc4 Rxc4 16. h5 Rfc8 17. hxg6 hxg6 18. Bh6 Bh8 19. Qg5 Kf7 20. Rd3 R8c5 21. Qe3 Ng8 22. Bg5 Bxc3 23. Rxc3 Rxc3 24. bxc3 Qa4 25.
Rh7+ Ke8 26. Rh8 Kf7 27. Rh7+ Ke8 28. Rh8 Qa3+ 29. Kd2 Kf7 30. Rh7+ Ke8 31. Rh8 Kf7 32. Rh7+ Ke8 33. Rh8 1/2-1/2

[Event "Early-Titled-Tuesday-Blitz-May-07-2024"]
[Site "Chess.com"]
[Date "2024.05.07"]
[Round "10"]
[White "UK_23"]
[Black "GMthekingindian"]
[Result "0-1"]
[WhiteElo "2412"]
[BlackElo "2270"]
[TimeControl "180+1"]
[EndTime "10:00:54 PDT"]
[Termination "GMthekingindian won by resignation"]

1. e4 c5 2. Nf3 e6 3. d4 cxd4 4. Nxd4 Nf6 5. Nc3 Nc6 6. a3 d5 7. Nxc6 bxc6 8. Bd3 Be7 9. e5 Nd7 10. f4 c5 11. Qg4 g6 12. O-O Bb7 13. Nb5 c4 14. Nd6+ Bxd6 15. exd6 cxd3 16. cxd3 Qb6+ 17.
Kh1 Qxd6 18. f5 gxf5 19. Qg7 Qe5 20. Qh6 Qf6 21. Qh5 Rg8 22. Bf4 Qg6 23. Qh3 d4 24. Rf2 Qg4 25. Qxh7 Bxg2+ 26. Kg1 Nf6 27. Qh6 Rg6 28.
Qh8+ Ke7 0-1

[Event "Early-Titled-Tuesday-Blitz-May-07-2024"]
[Site "Chess.com"]
[Date "2024.05.07"]
[Round "10"]
[White "CristianS27"]
[Black "MaxLeto"]
[Result "0-1"]
[WhiteElo "2530"]
[BlackElo "2437"]
[TimeControl "180+1"]
[EndTime "10:00:56 PDT"]
[Termination "MaxLeto won by resignation"]

1. e4 c5 2. Nf3 d6 3. d4 cxd4 4. Nxd4 Nf6 5. Nc3 a6 6. Be3 Ng4 7. Bc1 Nf6 8. Be2 e6 9. O-O Be7 10. Be3 O-O 11. f4 Qc7 12. Qe1 b5 13. a3 Bb7 14.
Bd3 Nbd7 15. Kh1 Nc5 16. Bd2 Rfe8 17. e5 Nfd7 18. exd6 Bxd6 19. Be2 Nf6 20. Bf3 Rad8 21. Be3 e5 22. fxe5 Bxe5 23. Qf2 Bxf3 24. Nxf3 Ng4 25.
Bxc5 Nxf2+ 26. Bxf2 Bxc3 27. Bg3 Be5 28. Nxe5 Rxe5 29.
Rf5 Rde8 30. h3 Qc5 31. Bxe5 Rxe5 32. Rf2 Qxf2 0-1

[Event "Early-Titled-Tuesday-Blitz-May-07-2024"]
[Site "Chess.com"]
[Date "2024.05.07"]
[Round "10"]
[White "juanchesst"]
[Black "K_A_S_T_O_R"]
[Result "1-0"]
[WhiteElo "2687"]
[BlackElo "2849"]
[TimeControl "180+1"]
[EndTime "10:00:57 PDT"]
[Termination "juanchesst won by resignation"]

1. d4 Nf6 2. Nf3 e6 3. c4 c5 4. d5 d6 5. Nc3 exd5 6. cxd5 g6 7. g3 Bg7 8. Bg2 O-O 9. O-O Re8 10. Nd2 a6 11. a4 Nbd7 12. h3 Rb8 13. Nc4 Nb6 14. Na3 Bd7 15. Bf4 Nc8 16. Nc4 Qc7 17. a5 Bb5 18.
Qb3 Bxc4 19. Qxc4 Nd7 20. Rfe1 Ne5 21. Qb3 b5 22. axb6 Nxb6 23. Bxe5 Bxe5 24. Rxa6 Nd7 25. Qa4 Rxb2 26. Ra7 Qc8 27. Nd1 Rb7 28. Rxb7 Qxb7 29. Ne3 Ra8 30. Qc6 Ra7 31. Nc4 Qb4 32. Rc1 Nf6 33. Nxe5 Qd2 34. Rb1 Qc2 35. Rb8+ Kg7 36.
Qxd6 Ne4 37. Qf8+ Kf6 38. Ng4+ Kg5 39. Qh6+ Kf5 40. Ne3+ 1-0

[Event "Early-Titled-Tuesday-Blitz-May-07-2024"]
[Site "Chess.com"]
[Date "2024.05.07"]
[Round "10"]
[White "jinxy2009"]
[Black "kacperkarwowski"]
[Result "0-1"]
[WhiteElo "2269"]
[BlackElo "2499"]
[TimeControl "180+1"]
[EndTime "10:00:57 PDT"]
[Termination "kacperkarwowski won by resignation"]

1. e4 e6 2. d4 d5 3. Nc3 dxe4 4. Nxe4 Bd7 5. Nf3 Bc6 6. Ng3 Nf6 7. Bd3 Bxf3 8. Qxf3 c6 9. c3 Nbd7 10. Bf4 Be7 11.
O-O-O Nd5 12. Bd2 b5 13. Nh5 Bf6 14. g4 g6 15. Nxf6+ Qxf6 16. Qxf6 N7xf6 17. f3 h5 18. g5 Nd7 19. h4 N7b6 20. b3 O-O-O 21. Kc2 Ne7 22. Bf4 Nf5 23. Be5 Ne3+ 24. Kd2 Nxd1 25. Bxh8 Nf2 26. Rf1 Nxd3 27. Bf6 Nf4 28. Bxd8 Kxd8 29.
Rc1 Kd7 30. c4 bxc4 31. bxc4 c5 32. dxc5 Na4 33. Ke3 e5 34. Rd1+ Kc7 35. Ke4 Nc3+ 36. Kxe5 Nxd1 37. Kf6 Kc6 38. Kxf7 Nf2 0-1

[Event "Early-Titled-Tuesday-Blitz-May-07-2024"]
[Site "Chess.com"]
[Date "2024.05.07"]
[Round "10"]
[White "TigrVShlyape"]
[Black "Firouzja2003"]
[Result "0-1"]
[WhiteElo "2944"]
[BlackElo "3198"]
[TimeControl "180+1"]
[EndTime "10:01:00 PDT"]
[Termination "Firouzja2003 won by resignation"]

1. d4 d5 2. Bf4 c5 3. e3 Nc6 4. c3 Qb6 5. Qb3 c4 6. Qc2 Bf5 7. Qxf5 Qxb2 8. Qxd5 Qxa1 9. Qb5 e5 10. Bxc4 Bb4 11.
Bd3 Ne7 12. dxe5 Bxc3+ 13. Kf1 Bxe5 14. g3 Bxf4 15. gxf4 O-O-O 16. Nf3 Qxa2 17. Nc3 Qa3 18. Qc4 Qb4 19. Ke2 Qxc4 20. Bxc4 f6 21. Rb1 a6 22.
Ne4 b5 23. Bb3 Kc7 24. Nc5 Kb6 25. Ne6 Rd6 26. Nxg7 Na5 27. Bf7 Rc8 28. Nd4 Nac6 29. Nde6 a5 30. Nh5 Nd8 31. Nxd8 Rcxd8 32. Ng3 Rd2+ 33.
Kf3 Rd1 34. Rb2 R8d2 35. Rb3 a4 36. Rb4 Nc6 37. Re4 a3 38. Re8 Rd8 0-1

[Event "Early-Titled-Tuesday-Blitz-May-07-2024"]
[Site "Chess.com"]
[Date "2024.05.07"]
[Round "10"]
[White "cthulhuuu"]
[Black "wqws"]
[Result "1-0"]
[WhiteElo "2546"]
[BlackElo "2674"]
[TimeControl "180+1"]
[EndTime "10:01:01 PDT"]
[Termination "cthulhuuu won by resignation"]

1. e4 e5 2. Nf3 Nc6 3. d3 Nf6 4. g3 Bc5 5. Bg2 d6 6. O-O h5 7. h3 Be6 8. c3 Bb6 9. b4 Qc8 10.
Ng5 h4 11. Nxe6 Qxe6 12. g4 Ne7 13. Nd2 c6 14. Nc4 Bc7 15. f4 exf4 16. Bxf4 Ng6 17. Bh2 O-O-O 18. Qa4 Kb8 19. b5 Nxg4 20. hxg4 h3 21.
Bf3 Nh4 22. bxc6 Nxf3+ 23. Rxf3 Qxg4+ 24. Rg3 Qe2 25. Qb5 Bb6+ 26. Nxb6 a6 27. Qb3 Rh6 28. Nd7+ Rxd7 29. cxd7 Kc7 30. Qxf7 Rf6 31. d8=Q+ Kxd8 32. Qg8+ Ke7 33. Rxg7+ 1-0

[Event "Early-Titled-Tuesday-Blitz-May-07-2024"]
[Site "Chess.com"]
[Date "2024.05.07"]
[Round "10"]
[White "unbreakablepawn35"]
[Black "betta2004"]
[Result "1-0"]
[WhiteElo "2431"]
[BlackElo "2518"]
[TimeControl "180+1"]
[EndTime "10:01:02 PDT"]
[Termination "unbreakablepawn35 won by resignation"]

1. c4 e5 2. Nc3 c6 3. Nf3 Bb4 4. Qc2 Qf6 5. a3 Bxc3 6. Qxc3 d6 7. d4 exd4 8. Qxd4 Qxd4 9. Nxd4 Nf6 10. g3 O-O 11. Bg2 Na6 12. Bg5 Be6 13. Bxf6 gxf6 14. Rc1 Rfe8 15. e3 Nc5 16. Kd2 a5 17. h4 a4 18. h5 h6 19. Rh4 Kg7 20. Kc3 f5 21. Rf4 Ra6 22. Bh3 Rb6 23. Bxf5 Bxf5 24. Nxf5+ Kh7 25.
Nxd6 Rd8 26. Rxf7+ Kg8 27. Rf6 Rxd6 28. Rxd6 Ne4+ 29.
Kc2 Nxd6 30. c5 Rb5 31. cxd6 Rc5+ 32. Kd2 Rd5+ 33. Ke2 Rxd6 34. Rd1 Re6 35. Rd7 b6 36. f4 Re4 37. Kd3 Re6 38. e4 Kf8 39.
e5 Ke8 40. Rd6 Rxd6+ 41. exd6 Kd7 42. g4 Kxd6 43. g5 Ke6 44. g6 Kf6 45. Kd4 Kg7 46. Ke5 b5 47. f5 c5 48. f6+ Kf8 49.
Kd5 b4 50. Kxc5 bxa3 51. bxa3 Kg8 52. Kb4 Kf8 53. Kxa4 Kg8 54. Kb5 Kf8 55. Kc6 Ke8 56. a4 Kf8 57. a5 1-0

[Event "Early-Titled-Tuesday-Blitz-May-07-2024"]
[Site "Chess.com"]
[Date "2024.05.07"]
[Round "10"]
[White "Caroexpert"]
[Black "Zhigalko_Sergei"]
[Result "0-1"]
[WhiteElo "2677"]
[BlackElo "2879"]
[TimeControl "180+1"]
[EndTime "10:01:05 PDT"]
[Termination "Zhigalko_Sergei won by resignation"]

1. d4 Nf6 2. c4 e6 3. Nc3 Bb4 4. e3 O-O 5. Bd3 d5 6. a3 Bxc3+ 7. bxc3 c5 8. Ne2 Nc6 9. O-O dxc4 10. Bxc4 e5 11. Bb2 Re8 12. Ba2 Be6 13. Bb1 Bc4 14. Re1 Rc8 15. Bd3 Na5 16. Ng3 e4 17.
Bc2 Qb6 18. Rb1 Ba2 19. f3 Bxb1 20. Qxb1 exf3 21. gxf3 Nc4 22. Bc1 Qxb1 23. Bxb1 Nd5 24.
e4 Nxc3 25. Bd3 cxd4 26. Nf5 Ne5 0-1

[Event "Early-Titled-Tuesday-Blitz-May-07-2024"]
[Site "Chess.com"]
[Date "2024.05.07"]
[Round "10"]
[White "BashirovKemal"]
[Black "biveklama"]
[Result "1-0"]
[WhiteElo "2680"]
[BlackElo "2535"]
[TimeControl "180+1"]
[EndTime "10:01:05 PDT"]
[Termination "BashirovKemal won on time"]

1. e4 c5 2. Nf3 d6 3. d4 cxd4 4. Nxd4 Nf6 5. Nc3 e5 6. Nb3 Be7 7. Be2 O-O 8. O-O Be6 9. Kh1 Nc6 10. f4 exf4 11. Bxf4 d5 12. e5 Ne4 13. Nxe4 dxe4 14. Qe1 f5 15. exf6 Bxf6 16. Rd1 Qb6 17. Bd6 Rf7 18.
Nc5 Nd4 19. Nxe6 Nxe6 20. Bc4 Re8 21. Qxe4 Qc6 22. Qxc6 bxc6 23. Rfe1 Bh4 24. Rxe6 Rd8 25. g3 Bf6 26. Rde1 1-0

[Event "Early-Titled-Tuesday-Blitz-May-07-2024"]
[Site "Chess.com"]
[Date "2024.05.07"]
[Round "10"]
[White "pauliukevicius"]
[Black "HeroWilczek"]
[Result "0-1"]
[WhiteElo "2438"]
[BlackElo "2567"]
[TimeControl "180+1"]
[EndTime "10:01:05 PDT"]
[Termination "HeroWilczek won by checkmate"]

1. e4 d5 2. exd5 Nf6 3. d4 Bg4 4. f3 Bf5 5. c4 e6 6. dxe6 Nc6 7.
d5 Nb4 8. Na3 Bc5 9. exf7+ Kxf7 10. Be2 Re8 11. Nh3 Qe7 12. Kf1 Rad8 13. g4 Bg6 14.
Ng5+ Kg8 15. Ne6 Nbxd5 16. Nxd8 Ne3+ 17. Bxe3 Qxe3 18. Qe1 Rxd8 19. Rd1 Rxd1 20. Bxd1 Bd3+ 21. Kg2 Qf4 22. Qe6+ Kh8 23. Qc8+ Ng8 24. Re1 Qd2+ 25. Be2 Qxe1 26. Bxd3 Qf2+ 27. Kh3 Qxf3+ 28. Kh4 Be7+ 29.
Kh5 Qh3# 0-1

[Event "Early-Titled-Tuesday-Blitz-May-07-2024"]
[Site "Chess.com"]
[Date "2024.05.07"]
[Round "10"]
[White "Stanbad1"]
[Black "vanyakuba"]
[Result "1-0"]
[WhiteElo "2605"]
[BlackElo "2441"]
[TimeControl "180+1"]
[EndTime "10:01:11 PDT"]
[Termination "Stanbad1 won by resignation"]

1. d4 d5 2. Nc3 Nf6 3. Bf4 a6 4. e3 e6 5. Bd3 c5 6. dxc5 Bxc5 7. Nf3 Nc6 8. O-O b5 9. e4 d4 10. e5 dxc3 11. exf6 gxf6 12. bxc3 Bb7 13. Qe2 Ne7 14. c4 b4 15. Nd2 f5 16. Nb3 Bd6 17. Bg5 Rg8 18.
f4 f6 19. Qxe6 fxg5 20. Rae1 Rg6 21. Qxf5 gxf4 22. Qh5 Kd7 23. Bxg6 Nxg6 24. Qxh7+ Ne7 25. Rd1 Qg8 26. Nc5+ Kc6 27. Qxg8 Rxg8 28. Nxb7 Bc7 29. Rfe1 Nf5 30. Rd5 Ne3 31. Na5+ Kb6 32. Rh5 Rxg2+ 33. Kh1 Rxc2 34. Nb3 Rxc4 35. Rh7 Rc6 36. Rf7 Bd6 37. h4 Nc4 38. h5 Be5 39. Re4 Nd2 40. Rxe5 Nxb3 41.
axb3 Rc3 42. Rxf4 Rxb3 43. Rh4 a5 44. h6 Rb1+ 45. Kh2 1-0

[Event "Early-Titled-Tuesday-Blitz-May-07-2024"]
[Site "Chess.com"]
[Date "2024.05.07"]
[Round "10"]
[White "AcostaPablo"]
[Black "lamomiajunior"]
[Result "0-1"]
[WhiteElo "2642"]
[BlackElo "2814"]
[TimeControl "180+1"]
[EndTime "10:01:13 PDT"]
[Termination "lamomiajunior won by resignation"]

1. d4 Nf6 2. c4 g6 3. Nf3 Bg7 4. Nc3 O-O 5. g3 d6 6. Bg2 c6 7. O-O Bf5 8. Qb3 Qb6 9. Bg5 Nbd7 10.
Qxb6 Nxb6 11. Nd2 h6 12. Bxf6 Bxf6 13. e4 Be6 14. d5 Bd7 15. Rac1 Rac8 16. b3 a5 17. a4 Kg7 18. Rfe1 h5 19. h4 Bd4 20. Kf1 e5 21. dxe6 Bxe6 22. Ne2 Bb2 23. Rc2 Be5 24. f4 Bf6 25. Nf3 Nd7 26. Ned4 Bg4 27. e5 dxe5 28. fxe5 Be7 29. e6 Nc5 30. exf7 Rxf7 31. Kg1 Rd8 32.
Rce2 Bf6 33. Nc2 Nxb3 34. Rf1 Bf5 35. Rb1 Nc5 36. Nfe1 Bc3 37. Re3 Bxe1 0-1

[Event "Early-Titled-Tuesday-Blitz-May-07-2024"]
[Site "Chess.com"]
[Date "2024.05.07"]
[Round "10"]
[White "IlanSchnaider"]
[Black "Golubovsky"]
[Result "1-0"]
[WhiteElo "2734"]
[BlackElo "2532"]
[TimeControl "180+1"]
[EndTime "10:01:14 PDT"]
[Termination "IlanSchnaider won by checkmate"]

1. e4 c5 2. Nf3 d6 3. Bb5+ Nd7 4. a4 Nf6 5. Nc3 g6 6. a5 a6 7. Bc4 e6 8. O-O Bg7 9. d4 cxd4 10.
Nxd4 O-O 11. Bg5 Qc7 12. Bxe6 fxe6 13. Nxe6 Qc6 14. Nxf8 Nxf8 15. Bxf6 Bxf6 16. Nd5 Bd8 17. Ra3 Be6 18. Rc3 Qb5 19. Nc7 Bxc7 20. Rxc7 Rd8 21.
Qd4 Rd7 22. Rc8 d5 23. Qf6 Bf7 24. e5 Qe2 25. h3 d4 26. f4 Qe3+ 27. Kh2 Qe4 28.
f5 gxf5 29. Rxf5 h6 30. Qxh6 Qxf5 31. Rxf8# 1-0

[Event "Early-Titled-Tuesday-Blitz-May-07-2024"]
[Site "Chess.com"]
[Date "2024.05.07"]
[Round "10"]
[White "CruzWilliam"]
[Black "Shuvalov"]
[Result "0-1"]
[WhiteElo "2414"]
[BlackElo "2578"]
[TimeControl "180+1"]
[EndTime "10:01:14 PDT"]
[Termination "Shuvalov won by checkmate"]

1. d4 Nf6 2. c4 g6 3. Nc3 d5 4. Bf4 Bg7 5. e3 O-O 6. Rc1 c5 7. dxc5 Be6 8. Nf3 Qa5 9. Nd4 Nc6 10. Nxe6 fxe6 11. Be2 Ne4 12. O-O Bxc3 13. bxc3 Nxc3 14.
Qd2 Nxe2+ 15. Qxe2 Rad8 16. Qg4 Rf5 17. Rfe1 dxc4 18.
e4 Rf7 19. Be3 Ne5 20. Qxe6 Nd3 21. Qxc4 Nxe1 22. h4 Nd3 23. Rd1 Ne5 24. Rxd8+ Qxd8 25. Qe6 Qd1+ 26. Kh2 Ng4+ 27. Kg3 Nxe3 28. fxe3 Qe1+ 29. Kh3 Qxe3+ 30. Kh2 Qf4+ 31. Kh3 Kg7 32. h5 gxh5 33. g3 Qg4+ 34. Qxg4+ hxg4+ 35. Kxg4 Rf2 36. e5 Rxa2 37. c6 bxc6 38. e6 Re2 39. Kh5 Rxe6 40. g4 a5 41. g5 a4 42. g6 Rxg6 43. Kh4 a3 44. Kh5 a2 45. Kh4 a1=R 46. Kh5 Rh1# 0-1

[Event "Early-Titled-Tuesday-Blitz-May-07-2024"]
[Site "Chess.com"]
[Date "2024.05.07"]
[Round "10"]
[White "sudtirolese06"]
[Black "WiseKing_08"]
[Result "0-1"]
[WhiteElo "2430"]
[BlackElo "2590"]
[TimeControl "180+1"]
[EndTime "10:01:16 PDT"]
[Termination "WiseKing_08 won by checkmate"]

1. h3 d5 2. Nf3 Nf6 3. e3 Bf5 4. d4 e6 5. Bd3 Bg6 6. O-O Bd6 7. c4 c6 8. Nc3 Nbd7 9. b3 O-O 10.
Bxg6 hxg6 11. Bb2 a6 12. Re1 b5 13. e4 dxe4 14. Nxe4 Nxe4 15. Rxe4 Nf6 16. Rh4 Rb8 17.
Nd2 g5 18. Rh5 Nxh5 19. Qxh5 Bf4 20. Ne4 bxc4 21. Ba3 Qxd4 22. Re1 cxb3 23. axb3 Rfe8 24. g3 Bxg3 25. Bc5 Bxf2+ 26. Kg2 Qd5 27. Bxf2 f5 28. Rd1 Qxe4+ 29. Kg1 Red8 30. Re1 Qd5 31. Qxg5 Rxb3 32. Bg3 Rf8 33. Be5 Rf7 34. h4 Rh3 35. h5 Qh1+ 36.
Kf2 Qf3+ 37. Kg1 Rh1# 0-1

[Event "Early-Titled-Tuesday-Blitz-May-07-2024"]
[Site "Chess.com"]
[Date "2024.05.07"]
[Round "10"]
[White "super_emi_26"]
[Black "ValentinDragnev"]
[Result "1-0"]
[WhiteElo "2868"]
[BlackElo "2725"]
[TimeControl "180+1"]
[EndTime "10:01:18 PDT"]
[Termination "super_emi_26 won on time"]

1. c4 e6 2. Nf3 d5 3. g3 Nf6 4.
Bg2 Be7 5. Qc2 O-O 6. d4 c6 7. O-O b6 8. Nbd2 Bb7 9. Rd1 Nbd7 10. e4 dxe4 11. Nxe4 Nxe4 12. Qxe4 Qc8 13. Qe2 Re8 14.
Bf4 c5 15. Be3 cxd4 16. Bxd4 Bc5 17. Rac1 e5 18. Bxc5 Nxc5 19. b4 Ne4 20. c5 bxc5 21. bxc5 Bc6 22. Nd2 Nxd2 23. Qxd2 e4 24. Qd6 h5 25. h4 Rb8 26. Rb1 Rxb1 27. Rxb1 g6 28. a3 Rd8 29. Qe5 Re8 30. Qd6 Rd8 31. Qf4 Qe6 32.
Rb8 Rxb8 33. Qxb8+ Kg7 34. Qc7 a6 35. Kh2 Qd5 36. Qb6 Bb7 37. a4 Qc6 38. a5 Qxb6 39. axb6 Kf6 40. Bf1 Ke7 41. Bc4 a5 42. Kg1 Kd7 43. Bb5+ Bc6 44. b7 Kc7 45. Bxc6 1-0

[Event "Early-Titled-Tuesday-Blitz-May-07-2024"]
[Site "Chess.com"]
[Date "2024.05.07"]
[Round "10"]
[White "lluiss"]
[Black "Chessbard1972"]
[Result "0-1"]
[WhiteElo "2217"]
[BlackElo "2333"]
[TimeControl "180+1"]
[EndTime "10:01:19 PDT"]
[Termination "Chessbard1972 won by resignation"]

1. Nf3 Nf6 2. d4 g6 3. g3 Bg7 4. Bg2 O-O 5. O-O d5 6. c4 Nc6 7.
cxd5 Nxd5 8. e4 Nb6 9. Be3 Nc4 10.
Nc3 Nxe3 11. fxe3 Bh6 12. Qc1 Bg4 13. h3 Bxf3 14. Bxf3 Nxd4 15. Bg2 Nc6 16. Nd5 Bg7 17. b4 e6 18. b5 exd5 19. bxc6 Bxa1 20. Qxa1 bxc6 21. exd5 cxd5 22. Rd1 c6 23. Qc3 Rc8 24. Qc5 Qb6 25. Qc3 Rfe8 26. Kf2 Rc7 27. Rd2 Rce7 28. Rd3 a5 29. h4 h5 30. Bf3 Re5 31. Bd1 c5 32.
Bf3 c4 33. Rd4 Qb4 34. Qxb4 axb4 35. Rxd5 Rxe3 36. Rc5 Rc3 0-1

[Event "Early-Titled-Tuesday-Blitz-May-07-2024"]
[Site "Chess.com"]
[Date "2024.05.07"]
[Round "10"]
[White "Yerkinio"]
[Black "Artemiki"]
[Result "1/2-1/2"]
[WhiteElo "2667"]
[BlackElo "2513"]
[TimeControl "180+1"]
[EndTime "10:01:20 PDT"]
[Termination "Game drawn by repetition"]

1. e4 c6 2. d4 d5 3. e5 c5 4. dxc5 e6 5. Nf3 Bxc5 6. a3 Ne7 7. b4 Bb6 8. Bb2 Nbc6 9. h4 h5 10. Bd3 Nf5 11. Bxf5 exf5 12. Nc3 Be6 13. Nb5 O-O 14. O-O a6 15. Nbd4 Nxd4 16. Bxd4 Rc8 17. c3 Bxd4 18. cxd4 Rc4 19. Qd2 Qe7 20. Rac1 Rfc8 21. Rxc4 Rxc4 22. Rc1 Qc7 23. Rxc4 Qxc4 24. Qg5 Qc3 25. Qd8+ Kh7 26. Ng5+ Kg6 27. Qh8 Qc1+ 28. Kh2 Qf4+ 29. Kh3 Qg4+ 30. Kh2 Qf4+ 31. Kh1 Qc1+ 32. Kh2 Qf4+ 1/2-1/2

[Event "Early-Titled-Tuesday-Blitz-May-07-2024"]
[Site "Chess.com"]
[Date "2024.05.07"]
[Round "10"]
[White "Ginger_GM"]
[Black "AlexeiShirov"]
[Result "0-1"]
[WhiteElo "2660"]
[BlackElo "2861"]
[TimeControl "180+1"]
[EndTime "10:01:22 PDT"]
[Termination "AlexeiShirov won by resignation"]

1. Nf3 d5 2. e3 Nf6 3. c4 c6 4. Nc3 Nbd7 5. b3 e5 6. Bb2 d4 7. exd4 exd4 8. Nxd4 Ne5 9. Nf3 Bg4 10. d4 Nxf3+ 11. gxf3 Qe7+ 12. Be2 Bxf3 13. O-O Bxe2 14. Nxe2 Qd7 15. Ng3 O-O-O 16. Qf3 h5 17. d5 cxd5 18. Rfd1 Qg4 19. Qe3 h4 20. Bxf6 gxf6 21. Qxa7 Bd6 22.
Qa8+ Kc7 23. cxd5 Rxa8 0-1

[Event "Early-Titled-Tuesday-Blitz-May-07-2024"]
[Site "Chess.com"]
[Date "2024.05.07"]
[Round "10"]
[White "GoltsevDmitry2000"]
[Black "miaou33"]
[Result "1-0"]
[WhiteElo "2764"]
[BlackElo "2561"]
[TimeControl "180+1"]
[EndTime "10:01:23 PDT"]
[Termination "GoltsevDmitry2000 won on time"]

1. e4 c5 2. Nf3 d6 3. d4 cxd4 4. Nxd4 Nf6 5. Nc3 g6 6. Be2 Bg7 7. O-O O-O 8. Be3 Nc6 9. f4 Bd7 10. Bf3 Qa5 11. Qd2 Rfe8 12. Rad1 Nxd4 13. Bxd4 e5 14. Be3 Bc6 15. Qxd6 Rad8 16. Qc5 Qxc5 17. Bxc5 b6 18. Rxd8 Rxd8 19. Be3 Bh6 20. g3 Re8 21. Re1 Nd7 22. f5 Bxe3+ 23. Rxe3 Kf8 24. Kf2 Ke7 25. h3 Nc5 26. b4 Nd7 27. g4 Rd8 28.
Be2 Nf6 29. g5 Nd7 30. f6+ Ke8 31. Bc4 Nf8 32. Nb5 a6 33. Nc7+ Kd7 34. Nxa6 b5 35. Bxf7 Ra8 36. Nc5+ Kc7 37. a3 Nd7 38. Ne6+ Kb6 39.
Rd3 Nb8 40. Nc5 1-0

[Event "Early-Titled-Tuesday-Blitz-May-07-2024"]
[Site "Chess.com"]
[Date "2024.05.07"]
[Round "10"]
[White "WhiteKnight2612"]
[Black "SRob2003"]
[Result "1/2-1/2"]
[WhiteElo "2839"]
[BlackElo "2670"]
[TimeControl "180+1"]
[EndTime "10:01:25 PDT"]
[Termination "Game drawn by repetition"]

1. e4 c5 2. Nf3 Nc6 3. d4 cxd4 4. Nxd4 Nf6 5. Nc3 e5 6. Ndb5 d6 7. Bg5 a6 8. Na3 b5 9. Nd5 Be7 10. Bxf6 Bxf6 11. c3 O-O 12. Nc2 Rb8 13. a4 bxa4 14.
Rxa4 Rxb2 15. Bxa6 Bd7 16. Ra1 Bg5 17. O-O Ne7 18.
Nde3 Bc6 19. Bd3 Rb8 20. Qe2 g6 21. Nb4 Bb7 22. Rfd1 Qb6 23. Nc4 Qc7 24. g3 h5 25. Na6 Bxa6 26. Rxa6 Rfd8 27. Qa2 d5 28. exd5 Nxd5 29. Bxg6 Nxc3 30. Rxd8+ Rxd8 31. Qb3 Ne2+ 32. Kg2 Nd4 33. Qb4 Rb8 34. Qd6 Qb7+ 35. Kh3 Qc8+ 36. Kg2 Qb7+ 37. Kh3 Qc8+ 38. Kg2 Qb7+ 1/2-1/2

[Event "Early-Titled-Tuesday-Blitz-May-07-2024"]
[Site "Chess.com"]
[Date "2024.05.07"]
[Round "10"]
[White "Alphafischer2019"]
[Black "XDPS"]
[Result "1-0"]
[WhiteElo "2674"]
[BlackElo "2821"]
[TimeControl "180+1"]
[EndTime "10:01:25 PDT"]
[Termination "Alphafischer2019 won on time"]

1. Nf3 g6 2. g3 Bg7 3. d4 d6 4.
Bg2 Nd7 5. O-O e5 6. c4 Ne7 7. Nc3 Kf8 8. dxe5 dxe5 9. Qc2 c6 10.
Rd1 Qc7 11. b3 Kg8 12. Ba3 Nf5 13. Ne4 h6 14. Nd6 Nd4 15. Nxd4 exd4 16. Ne8 Qa5 17. Bb2 Be5 18. f4 Kh7 19. fxe5 Rxe8 20. Rxd4 Nxe5 21. Rf1 Be6 22. Rdf4 Re7 23. b4 Qc7 24. Qc3 Bc8 25.
Re4 f6 26. Rxf6 Ng4 27. Rf7+ 1-0